 Dungeon Crawl Stone Soup version 0.26.1-10-gdfb7c7de75 (webtiles) character file.

Game seed: 11588894062775500782

30 Descartes the Magician (level 3, -1/19 HPs)
             Began as a Deep Elf Hedge Wizard on Apr 12, 2021.
             Slain by Terence
             ... wielding a +2 vampiric hand axe
              (10 damage)
             ... on level 1 of the Dungeon.
             The game lasted 00:03:14 (1485 turns).

Descartes the Magician (Deep Elf Hedge Wizard)      Turns: 1485, Time: 00:03:15

Health: -1/19      AC:  2    Str:  7    XL:     3   Next: 3%
Magic:  1/11       EV: 13    Int: 25    God:
Gold:   55         SH:  0    Dex: 14    Spells: 11/12 levels left

rFire    . . .     SeeInvis .   a - +0 dagger
rCold    . . .     Faith    .   (no shield)
rNeg     . . .     Spirit   .   b - +0 robe
rPois    .         Reflect  .   c - +0 hat
rElec    .         Harm     .   (no cloak)
rCorr    .         Rampage  .   (no gloves)
Will     +....                  (no boots)
Stlth    ++........             (no amulet)
HPRegen  0.06/turn              g - +6 ring of intelligence
MPRegen  0.12/turn              l - ring of willpower

@: brilliant, attractive
A: no striking features
a: no special abilities


You were on level 1 of the Dungeon.
You visited 1 branch of the dungeon, and saw 2 of its levels.

You collected 55 gold pieces.

Inventory:

Hand Weapons
 a - a +0 dagger (weapon)
Missiles
 d - 63 stones
 h - 22 sling bullets
Armour
 b - a +0 robe (worn)
 c - a +0 hat (worn)
Jewellery
 g - a +6 ring of intelligence (left hand)
 l - a ring of willpower (right hand)
Scrolls
 e - 2 scrolls of remove curse
 f - a scroll of identify {unknown}
 j - 2 scrolls of enchant armour {unknown}
 m - a scroll of immolation {unknown}
 n - 3 scrolls of enchant weapon {unknown}


   Skills:
 - Level 2.4 Dodging
 - Level 2.4 Stealth
 - Level 5.0 Spellcasting
 + Level 2.8 Conjurations
 - Level 1.1 Summonings
 - Level 1.1 Translocations


You had 11 spell levels left.
You knew the following spells:

 Your Spells              Type           Power        Failure   Level
a - Magic Dart            Conj           100%         2%          1

Your spell library contained the following spells:

 Spells                   Type           Power        Failure   Level
 Blink                    Tloc           N/A          8%          2
 Call Imp                 Summ           17%          8%          2
 Slow                     Hex            9%           12%         2
 Conjure Flame            Conj/Fire      19%          14%         3
 Mephitic Cloud           Conj/Pois/Air  16%          17%         3


Dungeon Overview and Level Annotations

Branches:
Dungeon (2/15)

Altars:

Annotations:
D:1 Terence


Message History

Aiming: Magic Dart (safe; 2% risk of failure)
Press: ? - help, Shift-Dir - straight line, f/p - Terence
Aim: Terence, wielding a +2 vampiric hand axe and wearing a +0 chain mail (heavily wounded, 0% to evade)
The magic dart hits Terence but does no damage.
Terence is heavily wounded.
Terence hits you with a +2 vampiric hand axe.
Terence draws strength from your wounds!
As you read the scroll labelled HAIW XECVEUBITS, it crumbles to dust.
You feel blessed for a moment.
It was a scroll of remove curse.
Terence hits you with a +2 vampiric hand axe.
Terence draws strength from your wounds!
Okay, then.
It was a potion of brilliance.
You feel clever all of a sudden. Terence misses you.
It was a potion of attraction.
You feel attractive to monsters.
Terence hits you with a +2 vampiric hand axe!
Ouch! That really hurt!
You die...

....⌠...##.# #.#.........#
........##.#
#.#.################
...⌠...###.#
#...#...............
⌠.......##.#
##..#.############.#
......####.## #..#.# #.#
...####.....#
#..#.############.# ####
#.##..# #..#.#............#
..#
#.##..###.@#.#.#########..#
#.# #.##......@......# #..#
#.# #.##...###...#.#.# #..#
#.#####.##...#...#.#.#.#
#..#
#.......##...#.#.#.#.#.#
#..#
##########...#.#.#.#.#.#
#..# #...#.....#.#.# #..#
#.........#.#)#######..#
#..########.#..........#
#...........##########.#


You could see Terence.

Vanquished Creatures
  A ball python (D:1)
  2 bats (D:1)
  4 giant cockroaches
  4 goblins
  7 hobgoblins
  2 quokkas (D:2)
  4 rats
24 creatures vanquished.

Notes
Turn   | Place    | Note
-------+----------+-------------------------------------------
     0 | D:1      | Descartes the Deep Elf Hedge Wizard began the quest for the
                  | Orb.
     0 | D:1      | Reached XP level 1. HP: 10/10 MP: 7/7
   465 | D:1      | Reached XP level 2. HP: 15/15 MP: 6/9
   868 | D:1      | Reached skill level 5 in Spellcasting
  1455 | D:2      | Reached XP level 3. HP: 19/19 MP: 7/11
  1464 | D:2      | Noticed Terence
  1485 | D:1      | Slain by Terence

Illustrated notes

Levels and vault maps discovered:
D:1:      dpeg_arrival_stone_temple_mockup, layout_basic
D:2:      wander_river, layout_rooms, roderic_roman_lattice, st_stairs_8,
          uniq_terence

Skill      XL: |  1  2 |
---------------+-------+-----
Conjurations   | 2 |  2.8
Spellcasting   | 5 |  5.0
Dodging        | |  2.4
Stealth        | |  2.4
Summonings     | |  1.1
Translocations | |  1.1

Action                   || total
-------------------------++-------
 Cast: Magic Dart        ||    64
  Use: Potion            ||     2
       Scroll            ||     1
Armor: Robe              ||     1
Dodge: Dodged            ||    10
